 Dungeon Crawl Stone Soup version 0.25.1-2-g60ff931df9 (webtiles) character file.

Game seed: 1774972925093383468

113 H0rd4k the Insei (level 4, -1/28 HPs)
             Began as an Octopode Transmuter on Aug 27, 2020.
             Slain by an orc wizard
             ... wielding a +0 dagger
              (4 damage)
             ... on level 3 of the Dungeon.
             The game lasted 00:01:59 (2753 turns).

H0rd4k the Insei (Octopode Transmuter)              Turns: 2753, Time: 00:02:00

Health: -1/28      AC:  1    Str:  9    XL:     4   Next: 96%
Magic:  8/8        EV: 13    Int: 16    God:
Gold:   120        SH:  0    Dex: 12    Spells: 2/8 levels left

rFire    . . .     SeeInvis .     - Unarmed
rCold    . . .     Gourm    .   (no shield)
rNeg     . . .     Faith    .   (helmet restricted)
rPois    .         Spirit   .   (no amulet)
rElec    .         Reflect  .   (no ring)
rCorr    .         Harm     .   (no ring)
MR       .....                  (no ring)
Stlth    +++.......             (no ring)
HPRegen  0.09/turn              (no ring)
MPRegen  0.11/turn              (no ring)
                                (no ring)
                                (no ring)

@: no status effects
A: almost no armour, stealthy swim, amphibious, 8 rings, constrict 8, camouflage
1, gelatinous body 1
a: no special abilities


You were on level 3 of the Dungeon.
You were hungry.

You visited 1 branch of the dungeon, and saw 3 of its levels.

You collected 120 gold pieces.

Inventory:

Missiles
 a - 12 arrows
 l - 5 curare-tipped darts (quivered)
Jewellery
 d - a +4 ring of slaying {unknown}
Wands
 f - a wand of disintegration (6)
Scrolls
 b - a scroll of amnesia {unknown}
 g - a scroll of enchant armour {unknown}
 i - a scroll of remove curse {unknown}
Potions
 k - a potion of cancellation {unknown}
Comestibles
 c - 5 rations


   Skills:
 + Level 1.0 Fighting
 + Level 2.3 Dodging
 + Level 2.2 Stealth
 + Level 4.0 Unarmed Combat
 * Level 2.7 Spellcasting
 * Level 2.6 Transmutations


You had 2 spell levels left.
You knew the following spells:

 Your Spells              Type           Power        Failure   Level  Hunger
a - Beastly Appendage     Tmut           ##....       6%          1    #......
b - Sticks to Snakes      Tmut           ##......     10%         2    ##.....
c - Spider Form           Tmut/Pois      #.........   32%         3    ###....

Your spell library contained the following spells:

 Spells                   Type           Power        Failure   Level  Hunger
 Ice Form                 Ice/Tmut       #.......     73%         4    #####..
 Blade Hands              Tmut           ##........   87%         5    ######.


Dungeon Overview and Level Annotations

Branches:
Dungeon (3/15)

Altars:

Annotations:
D:2 exclusion: downstairs


Innate Abilities, Weirdness & Mutations

You cannot wear most types of armour.
You are very stealthy in the water. (Stealth+)
You are amphibious.
You can wear up to eight rings at the same time.
You can use your tentacles to constrict eight enemies at once.
Your skin changes colour to match your surroundings (Stealth+).
Your rubbery body absorbs attacks. (AC +1, EV +1)


Message History

A puff of flame appears from out of thin air!
The puff of flame hits you!
You barely miss something.
Okay, then.
Unknown command.
It was a potion of ambrosia.
You are confused.
You feel invigorated. Something hits you.
The orc throws a stone.
You're too confused!
Unknown command.
You bump into the rock wall.
Something hits you.
The orc throws a stone.
The stone hits you.
You're too confused to move!
You feel less invigorated.
You feel less confused. Something hits you!
* * * LOW HITPOINT WARNING * * *
The orc throws a stone.
The stone hits you.
* * * LOW HITPOINT WARNING * * *
Something hits you.
You die...

..+.'..............#.#.#
..###....#......#.##.#.#
...........##.#.#.##.#.#
..........)'..#...##.#.#
...........#..#.####.#.#
.........###..#.# #.#.#
.........###....# #.#.#
..........o.#o######.#.#
.........(.g#.g{@....#.#
.........o..##########.#
............'...)..))..#
.##..(......############
.##....######
.....((....#
...........#
...........#
..##########


You could see an orc and a hobgoblin.

Vanquished Creatures
  An orc wizard (D:3)
  3 adders (D:2)
  An ooze (D:3)
  A dart slug (D:1)
  4 orcs
  A giant cockroach (D:1)
  9 goblins
  5 hobgoblins
  6 jackals (D:2)
  A quokka (D:3)
  5 bats (D:1)
  3 frilled lizards (D:1)
  3 rats (D:1)
43 creatures vanquished.

Notes
Turn   | Place    | Note
-------+----------+-------------------------------------------
     0 | D:1      | H0rd4k the Octopode Transmuter began the quest for the Orb.
     0 | D:1      | Reached XP level 1. HP: 13/13 MP: 3/3
   196 | D:1      | Reached XP level 2. HP: 14/18 MP: 5/5
   819 | D:1      | Reached XP level 3. HP: 23/23 MP: 6/6
   977 | D:1      | Learned a level 2 spell: Sticks to Snakes
   981 | D:1      | Learned a level 3 spell: Spider Form
  1006 | D:2      | Reached skill level 1 in Stealth
  1907 | D:2      | Reached XP level 4. HP: 25/28 MP: 7/7
  2512 | D:3      | Reached skill level 4 in Unarmed Combat
  2753 | D:3      | Slain by an orc wizard

Illustrated notes

Levels and vault maps discovered:
D:1:      evilmike_arrival_plus, layout_loops_ring, minmay_misc_feat_five,
          wad_floor_pattern_untrapped, nrook_loot_triangle
D:2:      layout_loops_ring, first_ration
D:3:      layout_basic

Skill      XL: |  1  2  3  4 |
---------------+-------------+-----
Stealth        | 1 2 |  2.2
Unarmed Combat | 4 |  4.0
Fighting       | |  1.0
Dodging        | |  2.3
Spellcasting   | |  2.7
Transmutations | |  2.6

Action                   |  1- 3 |  4- 6 || total
-------------------------+-------+-------++-------
Melee: Unarmed           |    78 |    22 ||   100
       Constrict         |    19 |     7 ||    26
       Tentacles         |    10 |     5 ||    15
       Punch             |     2 |     2 ||     4
       Kick              |       |     3 ||     3
 Cast: Beastly Appendage |       |     1 ||     1
  Use: Potion            |       |     2 ||     2
 Stab: Sleeping          |     9 |     2 ||    11
  Eat: Chunk             |     3 |     2 ||     5
Armor: Skin              |     4 |     1 ||     5
Dodge: Dodged            |    49 |    15 ||    64
